 Dungeon Crawl Stone Soup version 0.30-a0-743-gbfdf073431 (webtiles) character file.

Game seed: 8614708527446195368

280 epen the Thaumaturge (level 6, -15/53 HPs)
             Began as a Gnoll Wanderer on Feb 5, 2023.
             Was an Initiate of Makhleb.
             Killed by an exploding gnoll (44 damage)
             ... ignited by their inner flame
             ... on level 3 of the Dungeon.
             The game lasted 00:04:37 (1777 turns).

epen the Thaumaturge (Gnoll Wanderer)               Turns: 1777, Time: 00:04:37

Health: -15/53     AC:  3    Str: 13    XL:     6   Next: 27%
Magic:  14/18      EV: 12    Int: 12    God:    Makhleb [......]
Gold:   150        SH:  0    Dex: 11    Spells: 23/24 levels left

rFire   . . .      SeeInvis .    a - +0 club
rCold   + . .      Faith    .    (no shield)
rNeg    . . .      Spirit   .    d - +0 leather armour
rPois   .          Reflect  .    (helmet restricted)
rElec   .          Harm     .    (no cloak)
rCorr   .          Rampage  .    (no gloves)
Will    .....                    (no boots)
Stlth   ++                       (no amulet)
HPRegen 0.00/turn                (no ring)
MPRegen 0.16/turn                (no ring)

@: inhibited regen
A: fangs 1, strong nose, distributed training, horns 1, cold resistance 1,
inhibited regeneration, sturdy frame 1
a: Renounce Religion


You were on level 3 of the Dungeon.
You worshipped Makhleb.
Makhleb was noncommittal.
You visited 1 branch of the dungeon, and saw 3 of its levels.

You collected 150 gold pieces.

Inventory:

Hand Weapons
 a - a +0 club (weapon)
 e - a +1 scythe of venom
Missiles
 f - 10 poisoned darts (quivered)
Armour
 d - a +0 leather armour (worn)
Scrolls
 b - a scroll of fog
 g - 2 scrolls of identify
Potions
 c - a potion of attraction
 h - a potion of flight


   Skills:
 + Level 6.8 Fighting
 + Level 2.0 Short Blades
 + Level 2.0 Long Blades
 + Level 2.0 Axes
 + Level 2.0 Maces & Flails
 + Level 2.0 Polearms
 + Level 2.0 Staves
 + Level 2.0 Ranged Weapons
 + Level 3.2 Throwing
 + Level 2.0 Armour
 + Level 3.2 Dodging
 + Level 2.0 Stealth
 + Level 2.0 Shields
 + Level 2.0 Unarmed Combat
 + Level 9.5 Spellcasting
 + Level 1.5 Conjurations
 + Level 1.5 Hexes
 + Level 1.5 Summonings
 + Level 1.5 Necromancy
 + Level 1.5 Translocations
 + Level 1.5 Transmutations
 + Level 1.5 Fire Magic
 + Level 1.5 Ice Magic
 + Level 1.5 Air Magic
 + Level 1.5 Earth Magic
 + Level 1.5 Poison Magic
 + Level 2.1 Invocations
 + Level 2.0 Evocations


You had 23 spell levels left.
You knew the following spells:

 Your Spells              Type           Power      Damage    Failure   Level
a - Sandblast             Erth           18%        2d7       7%          1

Your spell library contained the following spells:

 Spells                   Type           Power      Damage    Failure   Level
 Apportation              Tloc           18%        N/A       7%          1
 Necrotise                Necr           36%        1d5       7%          1
 Shock                    Conj/Air       36%        1d5       7%          1
 Sting                    Tmut/Pois      36%        1d4       7%          1
 Summon Small Mammal      Summ           36%        N/A       7%          1
 Sublimation of Blood     Necr           9%         N/A       11%         2
 Wereblood                Tmut           9%         N/A       11%         2
 Tukima's Dance           Hex            9%         N/A       21%         3
 Summon Hydra             Summ           4%         N/A       100%        7


Dungeon Overview and Level Annotations

Branches:
Dungeon (3/15)

Altars:
Makhleb

Shops:
D:2 (

Annotations:
D:3 3 runed translucent doors


Innate Abilities, Weirdness & Mutations

You have very sharp teeth.
Your uncanny sense of smell can sniff out nearby items.
Your experience applies equally to all skills.
You have a pair of small horns on your head.
Your flesh is cold resistant. (rC+)
You do not regenerate when monsters are visible.
Your movements are slightly less encumbered by armour. (ER -2)


Message History

You feel your attacks grow feeble.
Your attacks no longer feel as feeble.
A gnoll comes into view. It is wielding a +0 spear.
The gnoll shouts!
The gnoll barely misses you.
As you read the scroll labelled POON CICEI, it crumbles to dust.
It is a scroll of identify.
h - a potion of flight The gnoll hits you but does no damage.
As you read the scroll labelled ORYRIM OQAE, it crumbles to dust.
It is a scroll of enchant weapon.
Your +0 scythe of venom glows red for a moment.
The gnoll misses you.
As you read the scroll labelled IKOLAI ACOSA, it crumbles to dust.
The creatures around you are filled with an inner flame!
It was a scroll of immolation.
The gnoll hits you with a +0 spear.
The gnoll bouda barks out a call to the hunt!
The gnolls pick up the pace!
It was a potion of mutation.
You feel extremely strange.
Your regeneration stops near monsters.
A pair of horns grows on your head!
You feel resistant to cold.
You feel less encumbered by your armour.
The gnoll closely misses you.
The gnoll bouda hits you with a +0 club!
* * * LOW HITPOINT WARNING * * *
It was a potion of heal wounds.
You feel much better. The gnoll closely misses you.
The gnoll bouda barely misses you.
You hit the gnoll but do no damage. Your headbutt misses the gnoll.
The gnoll bouda closely misses you. The gnoll closely misses you.
A gnoll comes into view. It is wielding a +0 whip.
The gnoll shouts!
You hit the gnoll.
Flame seeps out of the gnoll.
The gnoll is moderately wounded.
You hear an angry hiss.
The gnoll is engulfed in blazing flames.
Makhleb accepts your kill.
The gnoll explodes!
The fiery explosion engulfs you!!!
Ouch! That really hurt!
You die...

########### #.........# .
#...$...#!# ### ∆ ..#.......#.#
#.. ..#..$....#.# #[#
........[...######.#
$.#............g.#.##############
#.........####@#.##....#......#
#####[......####○#.##.##.#.####.#
...............§gg).>....#†#.<#.#
##....##########.###..#..#.##.#.#
#....# #.# #..#..#....#.# #....#
#.# #..#.†######.# #...(# #.#
...#.......... #....#
#.#.#..#.#######.# ######
#......#.# #.#


You could see a gnoll bouda (inner flame) and 2 gnolls.

Vanquished Creatures
  Sigmund (D:3)
  Natasha (D:3)
  2 adders (D:2)
  4 gnolls
  2 worms (D:2)
  A dart slug (D:1)
  4 endoplasms
  A giant cockroach (D:1)
  7 goblins
  A hobgoblin (D:3)
  4 jackals (D:1)
  3 kobolds
  2 quokkas (D:1)
  2 ball pythons
  4 bats
  2 frilled lizards
  4 rats
45 creatures vanquished.

Notes
Turn   | Place    | Note
-------+----------+-------------------------------------------
     0 | D:1      | Reached skill level 9 in Spellcasting
     0 | D:1      | epen the Gnoll Wanderer began the quest for the Orb.
     0 | D:1      | epen set off with the following items: a +0 club, a scroll
                  | of fog, a potion of attraction, a +0 leather armour, a
                  | potion of curing; and the following spells available to
                  | memorise: Sandblast, Shock, Sting, Tukima's Dance.
     0 | D:1      | Reached XP level 1. HP: 23/23 MP: 10/10
    29 | D:1      | Learned a level 1 spell: Sandblast
   210 | D:1      | Reached XP level 2. HP: 29/29 MP: 10/12
   428 | D:1      | Reached XP level 3. HP: 29/35 MP: 2/13
   869 | D:2      | Reached skill level 1 in Invocations
   883 | D:2      | Found Ibloth's Weapon Boutique.
   958 | D:2      | Reached skill level 1 in Short Blades
   958 | D:2      | Reached skill level 1 in Long Blades
   958 | D:2      | Reached skill level 1 in Axes
   958 | D:2      | Reached skill level 1 in Maces & Flails
   958 | D:2      | Reached skill level 1 in Polearms
   958 | D:2      | Reached skill level 1 in Staves
   958 | D:2      | Reached skill level 1 in Ranged Weapons
   958 | D:2      | Reached skill level 1 in Armour
   958 | D:2      | Reached skill level 1 in Stealth
   958 | D:2      | Reached skill level 1 in Shields
   958 | D:2      | Reached skill level 1 in Unarmed Combat
   958 | D:2      | Reached skill level 1 in Evocations
  1013 | D:2      | Reached XP level 4. HP: 41/41 MP: 12/15
  1109 | D:2      | Found a burning altar of Makhleb.
  1124 | D:2      | Became a worshipper of Makhleb the Destroyer
  1148 | D:2      | Reached skill level 1 in Conjurations
  1148 | D:2      | Reached skill level 1 in Hexes
  1148 | D:2      | Reached skill level 1 in Summonings
  1148 | D:2      | Reached skill level 1 in Necromancy
  1148 | D:2      | Reached skill level 1 in Translocations
  1148 | D:2      | Reached skill level 1 in Transmutations
  1148 | D:2      | Reached skill level 1 in Fire Magic
  1148 | D:2      | Reached skill level 1 in Ice Magic
  1148 | D:2      | Reached skill level 1 in Air Magic
  1148 | D:2      | Reached skill level 1 in Earth Magic
  1148 | D:2      | Reached skill level 1 in Poison Magic
  1664 | D:3      | Noticed Natasha
  1666 | D:3      | Killed Natasha
  1667 | D:3      | Reached XP level 5. HP: 47/47 MP: 13/16
  1685 | D:3      | Found a runed translucent gate.
  1686 | D:3      | Found a runed translucent gate.
  1686 | D:3      | Found a runed translucent gate.
  1720 | D:3      | Noticed Sigmund
  1738 | D:3      | Killed Sigmund
  1739 | D:3      | Reached XP level 6. HP: 18/53 MP: 8/18
  1774 | D:3      | Gained mutation: You do not regenerate when monsters are
                  | visible. [potion of mutation]
  1774 | D:3      | Gained mutation: You have a pair of small horns on your
                  | head. [potion of mutation]
  1774 | D:3      | Gained mutation: Your flesh is cold resistant. (rC+)
                  | [potion of mutation]
  1774 | D:3      | Gained mutation: Your movements are slightly less
                  | encumbered by armour. (ER -2) [potion of mutation]
  1777 | D:3      | Killed by an exploding gnoll... ignited by their inner
                  | flame

Illustrated notes

Levels and vault maps discovered:
D:1:      lightli_arrival_statue_moat, layout_basic
D:2:      layout_basic, basic_altar, serial_shops, shop_coins, minmay_unequal
D:3:      layout_basic, gammafunk_ghost_necromancy, kennysheep_generic_room_8,
          uniq_sigmund, uniq_natasha

Skill      XL: |  1  2  3  4  5 |
---------------+----------------+-----
Spellcasting   | |  9.5
Invocations    | 1 2 |  2.1
Short Blades   | 1 2 |  2.0
Long Blades    | 1 2 |  2.0
Axes           | 1 2 |  2.0
Maces & Flails | 1 2 |  2.0
Polearms       | 1 2 |  2.0
Staves         | 1 2 |  2.0
Ranged Weapons | 1 2 |  2.0
Armour         | 1 2 |  2.0
Stealth        | 1 2 |  2.0
Shields        | 1 2 |  2.0
Unarmed Combat | 1 2 |  2.0
Evocations     | 1 2 |  2.0
Conjurations   | 1 |  1.5
Hexes          | 1 |  1.5
Summonings     | 1 |  1.5
Necromancy     | 1 |  1.5
Translocations | 1 |  1.5
Transmutations | 1 |  1.5
Fire Magic     | 1 |  1.5
Ice Magic      | 1 |  1.5
Air Magic      | 1 |  1.5
Earth Magic    | 1 |  1.5
Poison Magic   | 1 |  1.5
Throwing       | 3 |  3.2
Dodging        | 3 |  3.2
Fighting       | |  6.8

Action                     |  1- 3 |  4- 6 || total
---------------------------+-------+-------++-------
  Melee: Club              |    24 |     8 ||    32
         Punch             |     1 |       ||     1
         Bite              |       |     1 ||     1
  Throw: Dart              |       |     3 ||     3
   Cast: Sandblast         |    51 |    37 ||    88
    Use: Potion            |       |     4 ||     4
         Scroll            |       |     3 ||     3
 Armour: Leather armour    |    16 |     6 ||    22
  Dodge: Dodged            |    45 |    32 ||    77

Table legend: (Time is in decaauts)
 A = Elapsed time spent in this place.
 B = Non-inter-level travel time spent in this place.
 C = Inter-level travel time spent in this place.
 D = Time resting spent in this place.
 E = Time spent auto-exploring this place.
 F = Levels seen in this place.
 G = Mean time per level.
                   A        B        C        D        E       F      G
               +--------+--------+--------+--------+--------+-----+--------+
         Total |   1829 |   1767 |     62 |      6 |   1409 |   3 |  609.7 |
       Dungeon |   1829 |   1767 |     62 |      6 |   1409 |   3 |  609.7 |
               +--------+--------+--------+--------+--------+-----+--------+

Top non-repeatable levels by time:
     D:2: 868 daAuts
     D:1: 801 daAuts
     D:3: 159 daAuts
